 Dungeon Crawl Stone Soup version 0.17-a0-83-g894156c (webtiles) character file.

210 Rotinaj the Covered (level 5, 0/49 HPs)
             Began as a Deep Dwarf Fighter on Mar 17, 2015.
             Was an Initiate of Nemelex Xobeh.
             Slain by a killer bee (3 damage)
             ... on level 3 of the Dungeon.
             The game lasted 00:14:15 (1266 turns).

Rotinaj the Covered (Deep Dwarf Fighter)            Turns: 1266, Time: 00:14:16

Health: 0/49       AC:  8    Str: 20    XL:     5   Next: 57%
Magic:  5/5        EV:  8    Int:  9    God:    Nemelex Xobeh [......]
Gold:   112        SH:  9    Dex: 12    Spells: 0 memorised, 4 levels left

rFire  . . .     SeeInvis .     a - +1 war axe
rCold  . . .     Clarity  .     b - +0 scale mail
rNeg   . . .     SustAb   .     c - +0 shield
rPois  .         Gourm    .     (no helmet)
rElec  .         Spirit   .     j - +0 cloak
rCorr  .         Warding  .     (no gloves)
rMut   .         Stasis   .     (no boots)
MR     .....                    (no amulet)
Stlth  ..........               (no ring)
                                (no ring)

@: lethally poisoned (0 -> -18), non-regenerating, not resistant to hostile
enchantments, extremely unstealthy
A: damage resistance, recharge devices, sense surroundings 1, slow healing 3
a: Device Recharging, Renounce Religion


You were on level 3 of the Dungeon.
You worshipped Nemelex Xobeh.
Nemelex Xobeh was noncommittal.
You were not hungry.

You visited 1 branch of the dungeon, and saw 3 of its levels.

You collected 112 gold pieces.

Inventory:

Hand weapons
 a - a +1 war axe (weapon)
Armour
 b - a +0 scale mail (worn)
 c - a +0 shield (worn)
 h - a +0 ring mail
 j - a +0 cloak (worn)
 o - a +2 leather armour of positive energy
Jewellery
 l - a cursed ring of loudness {unknown}
Magical devices
 d - a wand of heal wounds (1)
Scrolls
 g - a scroll of noise
 p - a scroll of teleportation
Potions
 e - a potion of might
 i - a potion of agility {unknown}
 m - 2 potions of mutation {unknown}
 n - a potion of brilliance {unknown}
Miscellaneous
 r - a plain deck of war
Comestibles
 f - 3 bread rations
 k - 2 meat rations
 q - 3 fruits


   Skills:
 + Level 3.4 Fighting
 + Level 2.8 Axes
 + Level 4.6 Armour
 + Level 2.1 Dodging
 + Level 4.5 Shields
 + Level 0.4 Evocations


You had 4 spell levels left.
You didn't know any spells.

Dungeon Overview and Level Annotations

Branches:
Dungeon (3/15)

Altars:
Nemelex Xobeh


Innate Abilities, Weirdness & Mutations

You are resistant to damage.
You can recharge devices by infusing magical energy.
You passively map a small area around you.
You do not heal naturally.


Message History

You block the killer bee's attack. The killer bee barely misses you.
The killer bee stings you but does no damage.
The killer bee stings you!
You closely miss the killer bee.
The killer bee is lightly wounded.
You slash the killer bee!!
You kill the killer bee!
You closely miss the killer bee.
The killer bee is lightly wounded.
* * * LOW HITPOINT WARNING * * *
You feel very sick. The killer bee barely misses you. x2
The killer bee stings you!
* * * LOW HITPOINT WARNING * * *
You are more poisoned.
The killer bee poisons you! The killer bee stings you.
* * * LOW HITPOINT WARNING * * *
The killer bee stings you.
You die...
Your body disappears without a glow.

#...#.# ,
#..#.## * , *
#.#.## * .#
#.### *#.#* #.#
, ..# * #.#
**#.# * #.#
###.# *
#.########.y##
#.........@y.#
##########y##y#*
, #g# .# * * #.#
, .. , #.#* #
#)#, , * #.# ,,
* #.# #.. ,


You could see 4 killer bees and a hobgoblin.

Vanquished Creatures
  2 killer bees (D:3)
  Ijyb (D:2)
  3 gnolls
  3 adders
  A worm (D:2)
  4 hobgoblins
  4 jackals
  A quokka (D:3)
  8 bats (D:1)
  A giant gecko (D:3)
  A giant newt (D:1)
  6 goblins
  A kobold (D:2)
  4 rats
40 creatures vanquished.

Notes
Turn   | Place    | Note
--------------------------------------------------------------
     0 | D:1      | Rotinaj, the Deep Dwarf Fighter, began the quest for the Orb.
     0 | D:1      | Reached XP level 1. HP: 20/20 MP: 1/1
   278 | D:1      | Reached XP level 2. HP: 24/27 MP: 2/2
   653 | D:2      | Reached XP level 3. HP: 30/34 MP: 3/3
   694 | D:2      | Noticed Ijyb
   705 | D:2      | Killed Ijyb
   705 | D:2      | Reached skill level 1 in Dodging
   747 | D:2      | Found a sparkling altar of Nemelex Xobeh.
   762 | D:2      | Became a worshipper of Nemelex Xobeh the Trickster
   880 | D:2      | Received a gift from Nemelex Xobeh
   904 | D:2      | Reached skill level 4 in Armour
   904 | D:2      | Reached XP level 4. HP: 28/42 MP: 4/4
  1263 | D:3      | Reached XP level 5. HP: 38/49 MP: 5/5
  1266 | D:3      | Slain by a killer bee

Action                   |  1- 3 |  4- 6 || total
-------------------------+-------+-------++-------
Melee: War axe           |    73 |    24 ||    97
Evoke: Wand              |     1 |     3 ||     4
  Use: Scroll            |     4 |     1 ||     5
  Eat: Bread ration      |       |     1 ||     1
